 Dungeon Crawl Stone Soup version 0.26.0-91-g99b343417d (webtiles) character file.

Game seed: 9087459541713289137

74 ubername the Vandal (level 4, -3/29 HPs)
             Began as a Halfling Hunter on Feb 3, 2021.
             Slain by a gnoll
             ... wielding a +0 spear
              (4 damage)
             ... on level 3 of the Dungeon.
             The game lasted 00:08:52 (2484 turns).

ubername the Vandal (Halfling Hunter)               Turns: 2484, Time: 00:08:53

Health: -3/29      AC:  5    Str: 11 (13) XL:     4   Next: 54%
Magic:  4/4        EV: 13    Int:  7 (9)  God:
Gold:   109        SH:  0    Dex: 13 (15) Spells: 3/3 levels left

rFire    . . .     SeeInvis .   b - +0 short sword
rCold    . . .     Faith    .   (shield restricted)
rNeg     . . .     Spirit   .   l - +0 ring mail
rPois    .         Reflect  .   (no helmet)
rElec    .         Harm     .   (no cloak)
rCorr    .         Rampage  .   (no gloves)
Will     .....                  (no boots)
Stlth    +.........             (no amulet)
HPRegen  0.09/turn              (no ring)
MPRegen  0.09/turn              (no ring)

@: no status effects
A: small, mutation resistance 1
a: no special abilities


You were on level 3 of the Dungeon.
You visited 1 branch of the dungeon, and saw 3 of its levels.

You collected 109 gold pieces.

Inventory:

Hand Weapons
 a - a +1 hunting sling
 b - a +0 short sword (weapon)
 o - a +0 arbalest
Missiles
 d - 44 sling bullets
 g - 26 stones (quivered)
 q - 11 poisoned darts
Armour
 l - a +0 ring mail (worn)
Scrolls
 f - a scroll of remove curse
 i - a scroll of identify
 k - a scroll of teleportation
Potions
 c - 2 potions of brilliance {unknown}
 h - a potion of might {unknown}
 p - 4 potions of heal wounds {unknown}


   Skills:
 + Level 2.1 Fighting
 + Level 0.7 Short Blades
 + Level 7.3 Slings
 + Level 1.6 Armour
 + Level 2.2 Dodging
 + Level 1.3 Stealth


You had 3 spell levels left.
You didn't know any spells.
Your spell library was empty.

Dungeon Overview and Level Annotations

Branches:
Dungeon (3/15)

Altars:
Vehumet


Innate Abilities, Weirdness & Mutations

You are small and have problems with some larger weapons.
You are somewhat resistant to further mutation.


Message History

The gnoll is lightly wounded.
The gnoll closely misses you.
The gnoll hits you from afar with a +0 spear.
You hit the gnoll but do no damage.
The gnoll is lightly wounded.
The gnoll closely misses you. The gnoll hits you but does no damage.
The gnoll shouts!
You hit the gnoll but do no damage.
The gnoll is lightly wounded.
The gnoll hits you with a +3 vampiric halberd!
* * * LOW HITPOINT WARNING * * *
The gnoll draws strength from your wounds!
The gnoll barely misses you.
The gnoll hits you from afar with a +3 vampiric halberd.
* * * LOW HITPOINT WARNING * * *
There is a stone staircase leading up, spattered with blood here.
The gnoll hits you from afar with a +0 halberd.
* * * LOW HITPOINT WARNING * * *
The gnoll hits you from afar with a +0 spear.
You die...

... .....#..
...#..#.#.#.#
###.#..#...#.#.
............$.
#.#......#
#........#.#
#....g.....# #
#....g.#.######.
#..@.g.# ..
..g.(###
##..####
....(.(gg.
...... ## #<
###.#.## #.
#+#.. ##. ..#
####.##. ..#
#<.gg##. ..+
#..######. ##.
#.


You could see 3 gnolls.

Vanquished Creatures
  A gnoll (D:3)
  3 adders (D:2)
  2 dart slugs
  A ball python (D:2)
  3 bats
  2 goblins
  8 hobgoblins
  4 frilled lizards
  7 kobolds
  2 rats (D:1)
33 creatures vanquished.

Notes
Turn   | Place    | Note
-------+----------+-------------------------------------------
     0 | D:1      | ubername the Halfling Hunter began the quest for the Orb.
     0 | D:1      | Reached XP level 1. HP: 14/14 MP: 1/1
    80 | D:1      | Reached skill level 6 in Slings
   245 | D:1      | Reached XP level 2. HP: 19/19 MP: 2/2
  1098 | D:2      | Reached skill level 1 in Armour
  1098 | D:2      | Reached XP level 3. HP: 24/24 MP: 3/3
  1112 | D:2      | Found a radiant altar of Vehumet.
  1195 | D:2      | Reached skill level 7 in Slings
  1453 | D:2      | Reached XP level 4. HP: 29/29 MP: 4/4
  2484 | D:3      | HP: 1/29 [gnoll/+0 halberd (2)]
  2484 | D:3      | Slain by a gnoll

Illustrated notes

Levels and vault maps discovered:
D:1:      heliophobic_arrival_ceremonial_halls, layout_basic
D:2:      layout_loops_ring, vehumet_crystals, kennysheep_doodads
D:3:      kennysheep_the_goblin_king, layout_basic, elyvilon_altar_1

Skill      XL: |  1  2  3 |
---------------+----------+-----
Slings         | 6 7 |  7.3
Armour         | 1 |  1.6
Fighting       | 2 |  2.1
Short Blades   | |  0.7
Dodging        | |  2.2
Stealth        | |  1.3

Action                   |  1- 3 |  4- 6 || total
-------------------------+-------+-------++-------
Melee: Short sword       |    27 |    42 ||    69
 Fire: Hunting sling     |    39 |     9 ||    48
  Use: Potion            |     5 |       ||     5
       Scroll            |       |     4 ||     4
 Stab: Sleeping          |     1 |       ||     1
Armor: Leather armour    |     1 |     2 ||     3
       Ring mail         |       |    11 ||    11
Dodge: Dodged            |    21 |    30 ||    51
